 Dungeon Crawl Stone Soup version 0.29.1-1-gd02db6906a (console) character file.

Game seed: 16582690154328634453

28 erker the Caller (level 3, 0/21 HPs)
             Began as an Octopode Summoner on Oct 8, 2022.
             Slain by an ufetubus (3 damage)
             ... on level 3 of the Dungeon.
             The game lasted 00:04:21 (1766 turns).

erker the Caller (Octopode Summoner)                Turns: 1766, Time: 00:04:22

Health: 0/21       AC:  1    Str:  7    XL:     3   Next: 14%
Magic:  1/7        EV: 13    Int: 19    God:
Gold:   17         SH:  0    Dex: 12    Spells: 0/7 levels left

rFire   . . .      SeeInvis .   (no weapon)
rCold   . . .      Faith    .   (no shield)
rNeg    . . .      Spirit   .   (helmet restricted)
rPois   .          Reflect  .   (no amulet)
rElec   .          Harm     .   (no ring)
rCorr   .          Rampage  .   (no ring)
Will    .....                   (no ring)
Stlth   +++.......              (no ring)
HPRegen 0.07/turn               (no ring)
MPRegen 0.10/turn               (no ring)
                                (no ring)
                                (no ring)

@: no status effects
A: almost no armour, amphibious, 8 rings, camouflage 1, gelatinous body 1,
(nimble swimmer 1), tentacles
a: no special abilities


You were on level 3 of the Dungeon.
You visited 1 branch of the dungeon, and saw 4 of its levels.

You collected 17 gold pieces.

Inventory:

Scrolls
 c - a scroll of fear {unknown}
Potions
 a - 2 potions of magic
 b - a potion of curing {unknown}


   Skills:
 - Level 2.0 Dodging
 - Level 2.6 Stealth
 + Level 2.7 Spellcasting
 + Level 0.0 Hexes
 + Level 4.5 Summonings


You couldn't memorise any spells.
You knew the following spells:

 Your Spells              Type           Power      Damage    Failure   Level
a - Summon Small Mammal   Summ           76%        N/A       2%          1
d - Call Canine Familiar  Summ           19%        N/A       8%          3
g - Summon Guardian Gole  Hex/Summ       11%        N/A       19%         3

Your spell library contained the following spells:

 Spells                   Type           Power      Damage    Failure   Level
 Call Imp                 Summ           19%        N/A       3%          2
 Summon Lightning Spire   Summ/Air       11%        N/A       52%         4


Dungeon Overview and Level Annotations

Branches:
Dungeon (4/15)
 Temple: D:4-7

Altars:


Innate Abilities, Weirdness & Mutations

You cannot wear most types of armour.
You are amphibious.
You can wear up to eight rings at the same time.
Your skin changes colour to match your surroundings (Stealth+).
Your rubbery body absorbs attacks. (AC +1, EV +1)
((You are camouflaged when in or above water. (Stealth+)))
You have tentacles for arms and can constrict up to eight enemies at once.


Message History

The ufetubus completely misses you. The ufetubus barely misses you.
You climb upwards.
The goblin misses you.
There is a stone staircase leading down here.
The ufetubus barely misses you. The ufetubus hits you. The ufetubus misses you.
The ufetubus barely misses you.
You barely miss the ufetubus. Your grab misses the ufetubus.
Your squeeze misses the ufetubus. The ufetubus barely misses you.
The ufetubus completely misses you. The ufetubus barely misses you.
The ufetubus hits you.
You tentacle-slap the ufetubus. Your grab misses the ufetubus.
Your squeeze misses the ufetubus.
The ufetubus is lightly wounded.
The ufetubus closely misses you. The ufetubus barely misses you.
Your magical contamination has completely faded away.
You miss the ufetubus. Your grab misses the ufetubus.
The ufetubus is lightly wounded.
The ufetubus hits you. The ufetubus closely misses you. The ufetubus hits you.
The ufetubus barely misses you.
Casting: Summon Small Mammal (safe; 2% risk of failure)
Confirm with . or Enter, or press ? or * to list all spells.
The ufetubus barely misses you. The ufetubus hits you.
* * * LOW HITPOINT WARNING * * *
The ufetubus hits you.
* * * LOW HITPOINT WARNING * * *
The ufetubus closely misses you. The ufetubus attacks as you move away!
The ufetubus hits you.
* * * LOW HITPOINT WARNING * * *
The ufetubus closely misses you. The ufetubus misses your rat.
The ufetubus hits your rat.
Your rat closely misses the ufetubus.
The ufetubus hits your rat but does no damage.
The ufetubus hits your rat.
Your rat dies!
Your rat's corpse disappears in a puff of smoke!
You see here a book of Weapons.
The ufetubus attacks as you move away! The ufetubus misses you.
The ufetubus hits you.
* * * LOW HITPOINT WARNING * * *
A quokka comes into view.
The ufetubus hits you.
You die...

####.(.#.# .##.....#.#
.......#.# .##..####.#
##..$...##.###..##..#
#(#...............#
#.##.#g.#.........# #
#:#..###.......##
#.#.##.#..# #........## #
#......5..###......#..###
.........@..........##..##
..........................
............#.......##....
..........#...............
......................###.
#...#####.......r....# #.
..# #..###....... #. ....
...#.S. ... .. ..#..


You could see an ufetubus, a quokka (asleep) and a goblin.

Vanquished Creatures
  2 dart slugs (D:1)
  A giant cockroach (D:1)
  2 hobgoblins (D:1)
  3 bats (D:1)
  A frilled lizard (D:1)
  A goblin (D:1)
  A kobold (D:1)
  3 rats (D:1)
14 creatures vanquished.

Vanquished Creatures (collateral kills)
  An endoplasm (D:1)
  A giant cockroach (D:1)
  A hobgoblin (D:1)
  2 kobolds (D:1)
  2 quokkas (D:1)
  A ball python (D:1)
  A goblin (D:1)
  A rat (D:1)
10 creatures vanquished.

Vanquished Creatures (others)
  6 plants
6 creatures vanquished.

Grand Total: 30 creatures vanquished

Notes
Turn   | Place    | Note
-------+----------+-------------------------------------------
     0 | D:1      | erker the Octopode Summoner began the quest for the Orb.
     0 | D:1      | Reached XP level 1. HP: 11/11 MP: 3/3
   565 | D:1      | Reached XP level 2. HP: 16/17 MP: 3/5
  1363 | D:1      | Reached XP level 3. HP: 17/21 MP: 4/6
  1367 | D:1      | Learned a level 3 spell: Call Canine Familiar
  1649 | D:2      | You fall into a shaft and drop 1 floor!
  1708 | D:3      | Learned a level 3 spell: Summon Guardian Golem
  1766 | D:3      | Slain by an ufetubus

Illustrated notes

Levels and vault maps discovered:
D:1:      lightli_arrival_flooded_house, layout_loops_corners
D:2:      layout_basic
D:3:      layout_rooms, old_standard_altar, ebering_ecumenical_altar_box,
          serial_bayou, serial_bayou_pond_c, serial_bayou_shore_b,
          serial_bayou_ford_a, serial_bayou_shore_a, st_stairs_10
D:4:      layout_loops_cross, gammafunk_ghost_cemetery, serial_forest,
          infiniplex_forest_lined_ring, infiniplex_forest_straight_3,
          infiniplex_forest_clump_C, infiniplex_forest_zigzag_1,
          infiniplex_forest_straight_3, infiniplex_forest_3_way,
          infiniplex_forest_clump_medium, infiniplex_forest_clump_small

Action                   || total
-------------------------++-------
Melee: Unarmed           ||    52
       Constrict         ||    19
       Tentacles         ||    11
 Cast: Summon Small Mamm ||    18
       Call Canine Famil ||     1
 Stab: Sleeping          ||     6
Armor: Skin              ||     6
Dodge: Dodged            ||    56
